 Dungeon Crawl Stone Soup version 0.22.1-1-ga44c0e5 (webtiles) character file.

83 MatkaSiedziZTylu the Skirmisher (level 4, 0/29 HPs)
             Began as a Gargoyle Berserker on Oct 21, 2018.
             Was a Believer of Trog.
             Splashed by a jelly's acid (4 damage)
             ... on level 3 of the Dungeon.
             The game lasted 00:04:57 (1676 turns).

MatkaSiedziZTylu the Skirmisher (GrBe)              Turns: 1676, Time: 00:04:59

Health: 0/29       AC: -2    Str: 21    XL:     4   Next: 44%
Magic:  4/4        EV: 12    Int:  8    God:    Trog [**....]
Gold:   146        SH:  0    Dex:  9    Spells: 3/3 levels left

rFire    . . .     SeeInvis .   a - +1 mace
rCold    . . .     Gourm    .   (no shield)
rNeg     + . .     Faith    .   b - +0 animal skin
rPois    ∞         Spirit   .   (no helmet)
rElec    +         Reflect  .   (no cloak)
rCorr    .         Harm     .   (no gloves)
MR       .....                  (no boots)
Stlth    +.........             (no amulet)
HPRegen  0.09/turn              (no ring)
MPRegen  0.09/turn              (no ring)

@: corroded
A: negative energy resistance 1, electricity resistance, unbreathing,
petrification resistance, rot immunity, AC +3
a: Berserk, Trog's Hand, Renounce Religion


You were on level 3 of the Dungeon.
You worshipped Trog.
Trog was pleased with you.
You were not hungry.

You visited 1 branch of the dungeon, and saw 3 of its levels.

You collected 146 gold pieces.

Inventory:

Hand Weapons
 a - a +1 mace (weapon)
Armour
 b - a +0 animal skin (worn)
Scrolls
 g - a scroll of fear {unknown}
Potions
 d - a potion of haste {unknown}
 e - a potion of curing
 f - a potion of degeneration {unknown}
 i - a potion of agility {unknown}
Comestibles
 c - 8 rations


   Skills:
 + Level 4.1 Fighting
 + Level 3.9 Maces & Flails
 + Level 2.3 Armour
 + Level 2.3 Dodging
 + Level 0.2 Stealth


You had 3 spell levels left.
You didn't know any spells.
Your spell library was empty.

Dungeon Overview and Level Annotations

Branches:
Dungeon (3/15)

Altars:
Trog


Innate Abilities, Weirdness & Mutations

You are resistant to torment.
Your stone body is resilient. (AC +3)
You are immune to poison.
You resist negative energy. (rN+)
You are resistant to electric shocks. (rElec)
You can survive without breathing.
You are immune to petrification.
You are immune to rotting.


Message History

A kobold comes into view.
The kobold shouts!
You hit the jelly.
Your hands burn!
The jelly is moderately wounded.
The jelly barely misses you. x2
The kobold hits you.
You hit the jelly. The acid corrodes you!
Your hands burn!
The jelly is moderately wounded.
The jelly hits you. The acid corrodes you!
You are splashed with acid!
The acid burns!
You hit the jelly but do no damage.
Your hands burn!
The jelly is moderately wounded.
The jelly closely misses you.
You hit the jelly but do no damage. The acid corrodes you!
Your hands burn!
* * * LOW HITPOINT WARNING * * *
The jelly is moderately wounded.
The jelly hits you.
* * * LOW HITPOINT WARNING * * *
You are splashed with acid!
The acid burns!
You die...

#.# #.# ... #.#
#.# #.# #.# #.#
#.# #.# #.# #.#
#.#
#.######.#########
#....@JK..........
#########..#.#####
#..# # #..# #..#
...# ##.# #.#


You could see a jelly and a kobold.

Vanquished Creatures
  Jessica (D:2)
  An adder (D:2)
  A worm (D:2)
  A dart slug (D:1)
  3 giant cockroaches (D:1)
  6 goblins (D:1)
  6 hobgoblins
  8 kobolds
  A quokka (D:2)
  9 bats
  2 frilled lizards (D:2)
  A rat (D:1)
40 creatures vanquished.

Notes
Turn   | Place    | Note
-------+----------+-------------------------------------------
     0 | D:1      | MatkaSiedziZTylu the Gargoyle Berserker began the quest for
                  | the Orb.
     0 | D:1      | Reached XP level 1. HP: 14/14 MP: 1/1
    53 | D:1      | Reached XP level 2. HP: 19/19 MP: 2/2
   288 | D:1      | Reached XP level 3. HP: 16/24 MP: 3/3
   290 | D:1      | Reached ** piety under Trog
   830 | D:2      | Noticed Jessica
   836 | D:2      | Killed Jessica
   836 | D:2      | Reached skill level 4 in Fighting
   836 | D:2      | Reached XP level 4. HP: 29/29 MP: 4/4
  1432 | D:2      | Found a bloodstained altar of Trog.
  1676 | D:3      | Splashed by a jelly's acid

Skill      XL: |  1  2  3 |
---------------+----------+-----
Dodging        | 2 |  2.3
Fighting       | 4 |  4.1
Maces & Flails | |  3.9
Armour         | |  2.3
Stealth        | |  0.2

Action                   |  1- 3 |  4- 6 || total
-------------------------+-------+-------++-------
Melee: Mace              |    74 |    25 ||    99
Invok: Berserk           |     1 |       ||     1
  Use: Scroll            |     3 |       ||     3
  Eat: Chunk             |       |     2 ||     2
       Ration            |       |     1 ||     1
Armor: Animal skin       |    35 |     9 ||    44
Dodge: Dodged            |    89 |    22 ||   111
